 Dungeon Crawl Stone Soup version 0.29-a0-919-gd064cfad1c (webtiles) character file.

Game seed: 11728678381341354850

3 frimble the Magician (level 1, 0/13 HPs)
             Began as a Demonspawn Hedge Wizard on July 27, 2022.
             Slain by a ball python (2 damage)
             ... on level 1 of the Dungeon.
             The game lasted 00:00:08 (64 turns).

frimble the Magician (Demonspawn Hedge Wizard)        Turns: 64, Time: 00:00:08

Health: 0/13       AC:  2    Str: 10    XL:     1   Next: 41%
Magic:  4/4        EV: 12    Int: 15    God:
Gold:   0          SH:  0    Dex: 12    Spells: 5/6 levels left

rFire   . . .      SeeInvis .   a - +0 dagger
rCold   . . .      Faith    .   (no shield)
rNeg    . . .      Spirit   .   b - +0 robe
rPois   .          Reflect  .   c - +0 hat
rElec   .          Harm     .   (no cloak)
rCorr   .          Rampage  .   (no gloves)
Will    .....                   (no boots)
Stlth   ++........              (no amulet)
HPRegen 0.04/turn               (no ring)
MPRegen 0.09/turn               (no ring)

@: no status effects
A: no striking features
a: no special abilities


You were on level 1 of the Dungeon.
You visited 1 branch of the dungeon, and saw 1 of its levels.

Inventory:

Hand Weapons
 a - a +0 dagger (weapon)
Armour
 b - a +0 robe (worn)
 c - a +0 hat (worn)
Potions
 d - a potion of magic


   Skills:
 + Level 0.5 Short Blades
 - Level 1.8 Dodging
 - Level 1.8 Stealth
 - Level 3.0 Spellcasting
 - Level 1.0 Conjurations
 - Level 1.0 Summonings
 - Level 0.9 Translocations


You had 5 spell levels left.
You knew the following spells:

 Your Spells              Type           Power      Damage    Failure   Level
a - Magic Dart            Conj           20%        1d4       13%         1

Your spell library contained the following spells:

 Spells                   Type           Power      Damage    Failure   Level
 Slow                     Hex            8%         N/A       21%         1
 Call Imp                 Summ           5%         N/A       21%         2
 Blink                    Tloc           8%         N/A       22%         2
 Conjure Flame            Conj/Fire      3%         6-21      43%         3
 Mephitic Cloud           Conj/Pois/Air  3%         N/A       45%         3


Dungeon Overview and Level Annotations

Branches:
Dungeon (1/15)

Altars:


Message History

You hit the ball python but do no damage.
The ball python is severely wounded.
The ball python closely misses you. The ball python barely misses you.
You hit the ball python.
You kill the ball python!
You barely miss the frilled lizard.
The frilled lizard bites you but does no damage.
You hit the frilled lizard.
The frilled lizard is heavily wounded.
The frilled lizard bites you.
You miss the frilled lizard. The frilled lizard bites you.
You miss the frilled lizard.
The rat twitches its whiskers.
The frilled lizard bites you but does no damage.
You hit the frilled lizard.
The frilled lizard is heavily wounded.
The frilled lizard closely misses you.
You barely miss the frilled lizard.
A ball python comes into view.
The frilled lizard bites you.
* * * LOW HITPOINT WARNING * * *
The ball python hisses angrily.
You hit the frilled lizard.
You kill the frilled lizard!
You hit the rat.
You kill the rat!
You hit the goblin.
You kill the goblin!
A hobgoblin comes into view.
There is an open door here.
Things that are here:
a +0 club; a rat corpse You closely miss the ball python.
The ball python closely misses you. x2
You hit the ball python.
The ball python is severely wounded.
The ball python barely misses you. The ball python closely misses you.
You closely miss the ball python.
The ball python is severely wounded.
The ball python bites you.
You die...

...###. ......
.......##......
...............
...............
.............
.....g.....#
...........##..
.......S.......
..#####@#####..
####.####
###.......###
##...........##
##....#####....##
#...#########...#
##..##.......##..##
#...#..##'##..#...#
#..##.##...##.##..#


You could see a hobgoblin and a ball python.

Vanquished Creatures
  A ball python (D:1)
  A frilled lizard (D:1)
  A goblin (D:1)
  A rat (D:1)
4 creatures vanquished.

Notes
Turn   | Place    | Note
-------+----------+-------------------------------------------
     0 | D:1      | frimble the Demonspawn Hedge Wizard began the quest for the
                  | Orb.
     0 | D:1      | Reached XP level 1. HP: 13/13 MP: 4/4
    64 | D:1      | Slain by a ball python

Illustrated notes

Levels and vault maps discovered:
D:1:      dpeg_arrival_concentric_ovals, layout_basic

Action                   || total
-------------------------++-------
Melee: Dagger            ||    17
Armor: Robe              ||     4
Dodge: Dodged            ||    11

Table legend: (Time is in decaauts)
 A = Elapsed time spent in this place.
 B = Non-inter-level travel time spent in this place.
 C = Inter-level travel time spent in this place.
 D = Time resting spent in this place.
 E = Time spent auto-exploring this place.
 F = Levels seen in this place.
 G = Mean time per level.
                   A        B        C        D        E       F      G
               +--------+--------+--------+--------+--------+-----+--------+
         Total |     64 |     64 |      0 |      0 |     42 |   1 |   64.0 |
       Dungeon |     64 |     64 |      0 |      0 |     42 |   1 |   64.0 |
               +--------+--------+--------+--------+--------+-----+--------+

Top non-repeatable levels by time:
     D:1: 64 daAuts
